AoeStats
← RS_Medik

Arena

510154340Analyzed
4v4 RM · 1d ago on Sep 29, 2026· 30m 21s· 8 players
Game mode
Random Map
Map size
Large (8 player)
Population
200
Speed
Normal
Resources
Standard
Victory
Conquest
Starting age
Dark Age
Ending age
Imperial Age
RankedLock teamsTeams togetherTeam positionsShared explorationLock speedFull tech treeHidden civsTurbo modeCheats
Victory
Defeat
🇵🇪 Saracens · Peru
940
+14
🇭🇷 Armenians · Croatia
872
+17
🇭🇷 Cumans · Croatia
843
+18
🇹🇼 Celts · Taiwan
817
+19
🇦🇷 Burgundians · Argentina
935
-19
🇨🇱 Khmer · Chile
926
-18
🇦🇷 Chinese · Argentina
873
-16
🇧🇷 Persians · Brazil
831
-15
Tinchoca
0:30 Loom
11:59 Feudal Age
Completosinpalta
7:37 Loom
11:26 Feudal Age
16:02 Castle Age
14:21 Double-Bit Axe
14:32 Horse Collar
15:10 Stone Mining
15:33 Gold Mining
joaoinkgamer
1:06 Loom
12:17 Feudal Age
16:50 Castle Age
14:58 Double-Bit Axe
15:32 Stone Mining
ADORNI
4:41 Loom
10:29 Wheelbarrow
9:50 Double-Bit Axe
11:54 Feudal Age
12:25 Horse Collar
12:47 Gold Mining
14:16 Heavy Plow
19:34 Castle Age
18:38 Scale Barding Armor
19:50 Forging
Chuky Ⓤ
0:27 Loom
11:48 Feudal Age
12:56 Double-Bit Axe
14:50 Horse Collar
19:54 Castle Age
18:04 Gold Mining
18:30 Stone Mining
21:08 Wheelbarrow
24:38 Heavy Plow
24:50 Bow Saw
25:17 Gold Shaft Mining
31:05 Ballistics
30:59 Forging
30:52 Padded Archer Armor
AlfioBang
10:08 Feudal Age
10:33 Double-Bit Axe
12:47 Wheelbarrow
24:38 Horse Collar
26:02 Gold Mining
30:18 Castle Age
30:19 Capped Ram
RS_Medik
10:14 Feudal Age
10:25 Man-at-Arms
11:24 Long Swordsman
12:54 Arson
13:33 Double-Bit Axe
21:19 Scale Mail Armor
21:24 Scale Barding Armor
26:24 Castle Age
25:09 Forging
26:13 Wheelbarrow
26:48 Two-Handed Swordsman
27:45 Squires
27:44 Gambesons
幻幻
3:18 Loom
12:24 Feudal Age
15:25 Wheelbarrow
18:52 Arson
24:21 Castle Age
23:25 Horse Collar
23:34 Double-Bit Axe
24:53 Pikeman
29:46 Hand Cart
Connection lost

Rejoining the realm…

Still unreachable

The connection could not be restored.

Session expired

The server has moved on; the page needs a fresh start.